 Dungeon Crawl Stone Soup version 0.25.1-2-g60ff931df9 (webtiles) character file.

Game seed: 9397016069395528249

9919 lorenzova the Thaumaturge (level 11, -19/54 HPs)
             Began as a Deep Elf Conjurer on Sept 16, 2020.
             Was an Elder of Vehumet.
             Demolished by a minotaur
             ... wielding a +2 battleaxe of distortion
              (44 damage)
             ... in a Gauntlet.
             The game lasted 00:44:44 (13703 turns).

lorenzova the Thaumaturge (Deep Elf Conjurer)      Turns: 13703, Time: 00:44:46

Health: -19/54     AC:  9    Str:  5    XL:     11   Next: 29%
Magic:  23/30      EV:  9    Int: 24    God:    Vehumet [****..]
Gold:   696        SH:  0    Dex: 15    Spells: 21/37 levels left

rFire    . . .     SeeInvis .   D - +6 short sword (venom)
rCold    . . .     Gourm    .   (no shield)
rNeg     . . .     Faith    .   C - +1 swamp dragon scales
rPois    +         Spirit   .   (no helmet)
rElec    .         Reflect  .   v - +0 cloak {rPois}
rCorr    +         Harm     .   (no gloves)
MR       +....     NoTele   +   (no boots)
Stlth    +.........             w - amulet of magic regeneration
HPRegen  0.18/turn              y - ring of resist corrosion
MPRegen  0.47/turn              (no ring)

@: no status effects
A: no striking features
a: Renounce Religion


You were in a Gauntlet.
You worshipped Vehumet.
Vehumet was greatly pleased with you.
You were very hungry.

You visited 2 branches of the dungeon, and saw 12 of its levels.
You visited the Abyss 1 time.
You also visited: Sewer, Ossuary and Gauntlet.

You collected 696 gold pieces.

Inventory:

Hand Weapons
 D - a +6 short sword of venom (weapon)
Armour
 a - a +0 robe
 v - a +0 cloak of poison resistance (worn)
 A - a +0 leather armour
 C - +1 swamp dragon scales (worn)
Magical Staves
 b - an uncursed staff of air
Jewellery
 t - an uncursed amulet of guardian spirit
 w - an amulet of magic regeneration (around neck)
 y - a ring of resist corrosion (left hand)
Wands
 B - a wand of flame (61)
 F - a wand of acid (5)
Scrolls
 e - 5 scrolls of remove curse
 g - 6 scrolls of amnesia
 i - a scroll of fear
 k - 8 scrolls of teleportation
 l - 3 scrolls of magic mapping
 o - 3 scrolls of blinking
 q - 3 scrolls of fog
 r - 4 scrolls of enchant armour
 G - a scroll of identify
Potions
 d - 8 potions of flight
 f - 8 potions of might
 h - 3 potions of stabbing
 j - 8 potions of curing
 m - 5 potions of haste
 n - 2 potions of magic
 p - a potion of heal wounds
 s - 4 potions of invisibility
 u - 6 potions of mutation
 x - 3 potions of brilliance
 E - a potion of lignification
Comestibles
 c - 17 rations


   Skills:
 - Level 2.4 Dodging
 - Level 2.4 Stealth
 * Level 13.7 Spellcasting
 * Level 12.2 Conjurations
 + Level 8.8 Hexes
 - Level 6.0 Translocations
 + Level 3.4 Fire Magic


You had 21 spell levels left.
You knew the following spells:

 Your Spells              Type           Power        Failure   Level  Hunger
a - Magic Dart            Conj           ####         1%          1    None
b - Foxfire               Conj/Fire      ####         1%          1    None
c - Iskenderun's Mystic   Conj/Tloc      ######..     1%          4    None
d - Fulminant Prism       Conj/Hex       ######....   1%          4    None
s - Sticky Flame          Conj/Fire      ######..     1%          4    None
z - Searing Ray           Conj           ######       1%          2    None

Your spell library contained the following spells:

 Spells                   Type           Power        Failure   Level  Hunger
 Dazzling Flash           Conj/Hex       ######       1%          3    None
 Shroud of Golubria       Chrm/Tloc      ####..       8%          2    None
 Spectral Weapon          Hex/Chrm       #####...     9%          3    None
 Recall                   Summ/Tloc      N/A          16%         3    None
 Animate Skeleton         Necr           N/A          17%         1    None
 Infusion                 Chrm           ###.         17%         1    None
 Pain                     Necr           ###.         17%         1    None
 Song of Slaying          Chrm           ###.....     26%         2    None
 Ozocubu's Armour         Chrm/Ice       ###.....     45%         3    None
 Vampiric Draining        Necr           ###.......   45%         3    None
 Summon Mana Viper        Hex/Summ       #####...     61%         5    ###....
 Summon Forest            Summ/Tloc      ####......   80%         5    ###....
 Animate Dead             Necr           N/A          86%         4    None
 Agony                    Necr           ###.....     99%         5    ###....
 Aura of Abjuration       Summ           ###.......   99%         5    ###....
 Borgnjor's Vile Clutch   Necr/Erth      ###.......   99%         5    ###....
 Summon Demon             Summ           ###.......   99%         5    ###....
 Death Channel            Necr           ###.......   100%        6    #####..
 Shadow Creatures         Summ           N/A          100%        6    #####..
 Simulacrum               Ice/Necr       ###.......   100%        6    #####..


Dungeon Overview and Level Annotations

Branches:
Dungeon (11/15)            Temple (1/1) D:7            Lair (0/6) D:8
    Orc (0/2) D:11          Sewer (visited)         Ossuary (visited)
Gauntlet (1/1)

Altars:
Ashenzari
Dithmenos
Elyvilon
Fedhas
Hepliaklqana
Nemelex Xobeh
Qazlal
Sif Muna
Trog
Uskayaw
Vehumet
Wu Jian
Xom
Yredelemnul
Zin
The Shining One

Shops:
D:6 %:   D:9 }

Annotations:
D:2 Sigmund
D:6 exclusion: downstairs Gauntlet 6 transporters, 2 runed translucent doors


Message History

You finish channeling your searing ray.
The minotaur rages.
Casting: Searing Ray (safe; 1% risk of failure)
Confirm with . or Enter, or press ? or * to list all spells.
Aiming: Searing Ray (safe; 1% risk of failure)
Press: ? - help, Shift-Dir - straight line, f/p - minotaur
Aim: a minotaur, wielding a +2 battleaxe of distortion, wearing a +0 chain mail and quivering 16 silver javelins (heavily wounded, berserk)
Okay, then.
Casting: Searing Ray (safe; 1% risk of failure)
Confirm with . or Enter, or press ? or * to list all spells.
Aiming: Sticky Flame (dangerous; 1% risk of failure)
Press: ? - help, Shift-Dir - straight line, f/p - minotaur
Aim: a minotaur, wielding a +2 battleaxe of distortion, wearing a +0 chain mail and quivering 16 silver javelins (heavily wounded, berserk)
The sticky flame hits the minotaur but does no damage.
The minotaur is heavily wounded.
The minotaur is covered in liquid flames!
The minotaur burns!
The minotaur hits you with a +2 battleaxe of distortion!!!
Ouch! That really hurt!
You die...

##.#########.#########.##
#≈.....................≈#
#≈≈≈#≈≈≈#..∩.⌠.∩..#≈≈≈#≈≈≈#
##≈###≈###.......###≈###≈##
## ################# ##
..........(.....
.⌠.⌠.⌠.©.©.⌠.⌠.⌠
................
##.##.##@##.##.# #. #H# # .
... .# .##.# #. #. .# . .
.. .# #. #. .#


You could see a minotaur (berserk, burning).

Vanquished Creatures
  An unseen horror (D:10)
  Pikel (D:9)
  2 slime creatures (Gauntlet)
  A gargoyle (D:10)
  An apocalypse crab (Gauntlet)
  A centaur skeleton (D:11)
  Maggie (D:7)
  A hornet (D:10)
  A hippogriff (D:10)
  A centaur simulacrum (Gauntlet)
  A ynoxinul (Abyss:2)
  4 yaks (D:11)
  A vampire (D:10)
  5 hungry ghosts
  Menkaure (D:7)
  A water moccasin (D:9)
  Duvessa (D:7)
  3 orc warriors (D:8)
  An ice beast (D:7)
  2 sky beasts
  4 phantoms
  2 slaves (D:9)
  2 centaurs
  4 ogres
  A small abomination (Abyss:2)
  4 big kobolds
  8 bullfrogs
  An elf zombie (Ossuary)
  A spiny frog simulacrum (Gauntlet)
  Dowan (D:7)
  3 scorpions
  4 troll zombies (D:11)
  A howler monkey (D:7)
  A bullfrog zombie (D:6)
  4 crimson imps
  4 centaur zombies
  A human zombie (Ossuary)
  3 bullfrog skeletons
  5 orc priests
  4 hounds
  8 jellies
  An iguana (D:4)
  An iron imp (Abyss:2)
  3 orc wizards
  Terence (D:3)
  Natasha (D:4)
  6 worker ants
  A killer bee zombie (D:7)
  4 ogre zombies (D:11)
  A big kobold zombie (Ossuary)
  A bullfrog simulacrum (Gauntlet)
  A hound skeleton (D:9)
  2 mummies (Ossuary)
  3 worker ant zombies
  Robin (D:2)
  19 adders
  8 gnolls
  4 river rats (Sewer)
  2 shadow imps (D:5)
  A white imp (Abyss:2)
  6 oozes
  An adder skeleton (D:4)
  3 adder zombies (Ossuary)
  2 dart slugs (D:1)
  3 worms
  5 leopard geckos
  39 orcs
  13 ball pythons
  6 bats
  6 giant cockroaches
  17 goblins
  8 hobgoblins
  7 jackals
  27 kobolds
  3 quokkas
  8 frilled lizards
  7 goblin zombies
  11 hobgoblin zombies
  A jackal zombie (Ossuary)
  4 kobold zombies (Ossuary)
  A leopard gecko skeleton (D:4)
  3 orc skeletons (D:11)
  26 orc zombies
  2 quokka zombies
  30 rats
397 creatures vanquished.

Vanquished Creatures (others)
  49 fulminant prisms
49 creatures vanquished.

Grand Total: 446 creatures vanquished

Notes
Turn   | Place    | Note
-------+----------+-------------------------------------------
     0 | D:1      | lorenzova the Deep Elf Conjurer began the quest for the
                  | Orb.
     0 | D:1      | Reached XP level 1. HP: 10/10 MP: 6/6
   221 | D:1      | Reached XP level 2. HP: 15/15 MP: 4/8
   333 | D:1      | Learned a level 2 spell: Searing Ray
   680 | D:1      | Reached skill level 4 in Spellcasting
   847 | D:1      | Reached skill level 5 in Conjurations
   847 | D:1      | Reached XP level 3. HP: 19/19 MP: 7/10
  1284 | D:2      | Noticed Robin
  1682 | D:2      | Killed Robin
  1682 | D:2      | Reached XP level 4. HP: 24/24 MP: 5/12
  1928 | D:2      | Noticed Sigmund
  2035 | D:3      | Reached skill level 5 in Spellcasting
  2186 | D:3      | Noticed a phantom
  2294 | D:3      | Killed a phantom
  2294 | D:3      | Reached XP level 5. HP: 23/28 MP: 6/15
  2331 | D:3      | Noticed Terence
  2336 | D:3      | Reached skill level 6 in Spellcasting
  2361 | D:3      | Killed Terence
  2587 | D:3      | Found a glowing drain.
  2591 | Sewer    | Entered a sewer
  2704 | Sewer    | Reached XP level 6. HP: 32/32 MP: 10/17
  2751 | Sewer    | Learned a level 4 spell: Iskenderun's Mystic Blast
  2756 | Sewer    | Learned a level 4 spell: Fulminant Prism
  3324 | Sewer    | HP: 1/32 [poisoned by an adder]
  3601 | Sewer    | Reached skill level 1 in Hexes
  3601 | Sewer    | Reached skill level 1 in Translocations
  3687 | Sewer    | Reached skill level 7 in Spellcasting
  3904 | D:3      | Found a bloodstained altar of Trog.
  3907 | D:3      | Reached XP level 7. HP: 36/36 MP: 17/19
  5237 | D:4      | Noticed Natasha
  5240 | D:4      | Killed Natasha
  5357 | D:5      | Entered Level 5 of the Dungeon
  5432 | D:5      | Reached skill level 8 in Spellcasting
  5794 | D:5      | Reached XP level 8. HP: 41/41 MP: 16/22
  6545 | D:5      | Reached skill level 9 in Spellcasting
  6790 | D:6      | Found Cidiucax's Food Shoppe.
  6922 | D:6      | Found a sand-covered staircase.
  6945 | Ossuary  | Entered an ossuary
  7422 | Ossuary  | Reached skill level 5 in Hexes
  7422 | Ossuary  | Reached XP level 9. HP: 33/45 MP: 16/24
  7542 | D:6      | Reached skill level 10 in Spellcasting
  7841 | D:6      | Found Rupisum's Book Emporium.
  8382 | D:7      | Noticed Duvessa
  8382 | D:7      | Noticed Dowan
  8717 | D:7      | Found a staircase to the Ecumenical Temple.
  8719 | D:7      | Noticed Maggie
  8728 | D:7      | Killed Maggie
  8728 | D:7      | Reached skill level 10 in Conjurations
  8728 | D:7      | Reached skill level 5 in Translocations
  8752 | D:7      | Reached skill level 11 in Spellcasting
  8754 | Temple   | Entered the Ecumenical Temple
  8787 | Temple   | Became a worshipper of Vehumet
  8899 | D:7      | Noticed Menkaure
  8901 | D:7      | Killed Dowan
  8955 | D:7      | Killed Menkaure
  8962 | D:7      | Killed Duvessa
  9312 | D:8      | Reached * piety under Vehumet
  9312 | D:8      | Offered knowledge of Freeze by Vehumet.
  9609 | D:8      | Found a staircase to the Lair.
  9906 | D:9      | Found Siagoes's Gadget Shoppe.
 10024 | D:9      | Reached XP level 10. HP: 50/50 MP: 24/27
 10658 | D:9      | Noticed Pikel
 10671 | D:9      | Killed Pikel
 10671 | D:9      | Reached skill level 12 in Spellcasting
 11218 | D:10     | Entered Level 10 of the Dungeon
 11227 | D:10     | Noticed a gargoyle
 11408 | D:10     | Killed a gargoyle
 11677 | D:10     | Reached ** piety under Vehumet
 11678 | D:10     | Offered knowledge of Foxfire by Vehumet.
 11699 | D:10     | Learned a level 1 spell: Foxfire
 11732 | D:10     | Killed an unseen horror
 11732 | D:10     | Reached skill level 1 in Fire Magic
 12391 | D:11     | Reached skill level 13 in Spellcasting
 12550 | D:11     | Offered knowledge of Stone Arrow by Vehumet.
 12573 | D:11     | Reached *** piety under Vehumet
 12615 | D:11     | Reached XP level 11. HP: 50/54 MP: 4/30
 12686 | D:11     | Found a staircase to the Orcish Mines.
 12768 | D:11     | Offered knowledge of Sticky Flame by Vehumet.
 12775 | D:11     | Learned a level 4 spell: Sticky Flame
 12795 | D:11     | Found a gate leading to a gauntlet.
 12815 | Gauntlet | Entered a Gauntlet
 12815 | Gauntlet | Found a transporter.
 12815 | Gauntlet | Found a transporter.
 12901 | Gauntlet | Found a transporter.
 12905 | Gauntlet | Found a transporter.
 12913 | Gauntlet | Found a transporter.
 12917 | Gauntlet | Found a transporter.
 12919 | Gauntlet | Noticed a death ooze
 12928 | Gauntlet | Found a transporter.
 12941 | Gauntlet | Found a transporter.
 12955 | Gauntlet | Found a transporter.
 12959 | Gauntlet | Found a transporter.
 12961 | Gauntlet | Found a runed translucent door.
 12962 | Gauntlet | Noticed a death ooze
 12963 | Gauntlet | Found a runed translucent door.
 12967 | Gauntlet | Found a transporter.
 12971 | Gauntlet | Found a transporter.
 12972 | Gauntlet | Found a runed translucent door.
 13343 | Gauntlet | Cast into level 2 of the Abyss (an apocalypse crab)
 13458 | Abyss:2  | Reached **** piety under Vehumet
 13542 | Gauntlet | Escaped the Abyss
 13698 | Gauntlet | Noticed a minotaur
 13703 | Gauntlet | Demolished by a minotaur

Illustrated notes

Levels and vault maps discovered:
D:1:      ebering_trefoil_twist, layout_loops_ring
D:2:      layout_basic, minivault_24, minmay_mini_jars, uniq_robin, uniq_sigmund
D:3:      layout_rooms, lemuel_round_altar, gup_sewer_entry_bowl, first_ration,
          kennysheep_nub, uniq_terence
D:4:      layout_loops_cross, uniq_natasha
D:5:      layout_loops_corners, kennysheep_generic_room_13
D:6:      layout_loops_corners, serial_shops, shop, shop, enter_ossuary_4,
          centaur_isle
D:7:      layout_rooms, minmay_temple_entry_mist, uniq_menkaure, uniq_maggie,
          uniq_duvessa
D:8:      layout_rooms, lair_entry_dummy, special_room [special_room_orc]
D:9:      layout_stronghold, serial_shops, nicolae_shop_statue_plus, uniq_pikel
D:10:     layout_loops_cross, hangedman_little_slice_of_home
D:11:     layout_roguey, zombieorc2_lemuel, basic_altar, gauntlet_entry_generic,
          dk_noncrumbling_2, minmay_diamond_spiral
Temple:   grunt_wide_crystal_templ
Gauntlet: minmay_gauntlet_77_indecision [minmay_gauntlet_arena_77_museum,
          minmay_gauntlet_arena_77_path, minmay_gauntlet_arena_77_two_lines,
          minmay_gauntlet_arena_77_cramped,
          minmay_gauntlet_arena_77_chump_sandwich,
          minmay_gauntlet_arena_77_braids, gauntlet_exit_green]

Skill      XL: |  1  2  3  4  5  6  7  8  9 10 11 |
---------------+----------------------------------+-----
Spellcasting   | 4 5 6 7 8 9 11 13 | 13.7
Conjurations   | 5 6 7 9 10 11 12 | 12.2
Hexes          | 1 3 5 6 8 |  8.8
Translocations | 1 2 4 5 6 |  6.0
Fire Magic     | 2 3 |  3.4
Dodging        | |  2.4
Stealth        | |  2.4

Action                   |  1- 3 |  4- 6 |  7- 9 | 10-12 || total
-------------------------+-------+-------+-------+-------++-------
Melee: Unarmed           |     3 |     1 |     1 |       ||     5
       Short sword       |       |       |       |    11 ||    11
 Cast: Magic Dart        |    88 |   129 |   258 |   111 ||   586
       Searing Ray       |     1 |    12 |    59 |    51 ||   123
       Fulminant Prism   |       |       |    20 |    29 ||    49
       Sticky Flame      |       |       |       |     9 ||     9
  Use: Potion            |       |     5 |     1 |     7 ||    13
       Scroll            |       |     3 |     9 |     9 ||    21
  Eat: Chunk             |     2 |     7 |    20 |     6 ||    35
       Ration            |       |       |       |     2 ||     2
Armor: Robe              |     4 |     8 |     3 |       ||    15
       Leather armour    |       |       |     5 |       ||     5
       Swamp dragon scal |       |       |       |    36 ||    36
Dodge: Dodged            |    20 |    65 |    44 |    31 ||   160
       Rpst.: Scimitar   |       |       |     1 |       ||     1
